 Dungeon Crawl Stone Soup version 0.21.1-1-g345015f (webtiles) character file.

268 Lokkij the Insei (level 6, -1/32 HPs)
             Began as a Vine Stalker Monk on June 20, 2018.
             Was a Follower of Uskayaw.
             Killed by divine providence
             ... invoked by an orc priest
              (12 damage)
             ... on level 5 of the Dungeon.
             The game lasted 00:11:38 (3348 turns).

Lokkij the Insei (Vine Stalker Monk)                Turns: 3348, Time: 00:11:39

Health: -1/32      AC:  4    Str: 14      XL:     6   Next: 21%
Magic:  0/7        EV: 13    Int:  9 (10) God:    Uskayaw [*.....]
Gold:   184        SH:  0    Dex: 18      Spells: 5/5 levels left

rFire    + . .     SeeInvis .     - Unarmed
rCold    . . .     Gourm    .   (no shield)
rNeg     . . .     Faith    .   a - +0 robe
rPois    .         Spirit   +   (no helmet)
rElec    .         Reflect  .   t - +0 cloak
rCorr    .         Harm     .   h - +0 pair of gloves
MR       .....                  (no boots)
Stlth    ++........             (no amulet)
HPRegen  0.50/turn              f - ring of protection from fire
MPRegen  0.10/turn              g - +2 ring of slaying

@: no status effects
A: fangs 2, regeneration 1, magic shield, antimagic bite, no potion heal 3, rot
immunity
a: Stomp, Renounce Religion


You were on level 5 of the Dungeon.
You worshipped Uskayaw.
Uskayaw was noncommittal.
You were hungry.

You visited 2 branches of the dungeon, and saw 6 of its levels.

You collected 184 gold pieces.

Inventory:

Armour
 a - a +0 robe (worn)
 h - a +0 pair of gloves (worn)
 t - a +0 cloak (worn)
Jewellery
 f - a ring of protection from fire (left hand)
 g - a +2 ring of slaying (right hand)
 j - an uncursed ring of protection from fire
Wands
 n - a wand of disintegration (10)
Scrolls
 i - 4 scrolls of identify
 k - 2 scrolls of enchant weapon {unknown}
 m - a scroll of magic mapping {unknown}
 o - a scroll of fear {unknown}
 p - 2 scrolls of blinking
 q - a scroll of noise {unknown}
 r - a scroll of remove curse
 v - a scroll of fog {unknown}
Potions
 c - 2 potions of lignification {unknown}
 d - a potion of agility {unknown}
 e - 4 potions of curing
 l - a potion of heal wounds {unknown}
 s - a potion of mutation {unknown}
Comestibles
 b - 5 rations


   Skills:
 - Level 2.6 Fighting
 - Level 2.4 Dodging
 - Level 2.4 Stealth
 + Level 6.8 Unarmed Combat


You had 5 spell levels left.
You didn't know any spells.

Dungeon Overview and Level Annotations

Branches:
Dungeon (5/15)             Temple (1/1) D:4

Altars:
Ashenzari
Cheibriados
Dithmenos
Gozag
Hepliaklqana
Kikubaaqudgha
Makhleb
Nemelex Xobeh
Qazlal
Ru
Trog
Uskayaw
Xom
Yredelemnul
The Shining One
Lugonu

Annotations:
D:3 diana's ghost, amateur HOBe


Innate Abilities, Weirdness & Mutations

You have extremely sharp teeth.
Your natural rate of healing is unusually fast.
When hurt, damage is shared between your health and your magic reserves.
Your bite disrupts and absorbs the magic of your enemies.
Potions cannot restore your health.
You are immune to rotting.


Message History

You kill the orc!
The leopard gecko bites you but does no damage.
Something hits you but does no damage.
The jackal bites you but does no damage.
You hit the orc wizard but do no damage.
The leopard gecko closely misses you. The jackal bites you.
The orc wizard hits you with a dagger. Something completely misses you.
You hit the orc priest but do no damage.
You bite the orc priest, but do no damage.
The jackal misses you. The leopard gecko barely misses you.
The orc priest hits you with a whip! The orc wizard hits you with a dagger.
Something hits you.
The jackal bites you but does no damage.
You barely miss the orc priest. You punch the orc priest.
You bite the orc priest, but do no damage.
The orc priest is lightly wounded.
The leopard gecko barely misses you.
The orc priest invokes the aid of Beogh against you.
Beogh smites you!
You die...

####### ######
##.....##.....#
##..............
#.......<..(....
#........!......
#....o@h........
#...({ol........
#...............
#...............
#...............
...#.............
#####..........#
#..........


You could see an orc priest, an orc wizard, a leopard gecko and a jackal.

Vanquished Creatures
  2 jellies (D:4)
  An orc wizard (D:4)
  A worker ant (D:4)
  A hound skeleton (D:4)
  An adder (D:4)
  11 oozes
  2 worms
  2 dart slugs
  A leopard gecko (D:3)
  8 orcs
  2 ball pythons
  A giant cockroach (D:2)
  12 goblins
  4 hobgoblins
  A jackal (D:5)
  2 quokkas
  6 bats
  5 frilled lizards
  15 kobolds
  6 rats
84 creatures vanquished.

Vanquished Creatures (others)
  A fungus (D:4)
  11 toadstools (D:4)
12 creatures vanquished.

Grand Total: 96 creatures vanquished

Notes
Turn   | Place    | Note
-------+----------+-------------------------------------------
     0 | D:1      | Lokkij the Vine Stalker Monk began the quest for the Orb.
     0 | D:1      | Reached XP level 1. HP: 11/11 MP: 2/2
    49 | D:1      | Reached XP level 2. HP: 9/16 MP: 3/3
   499 | D:1      | Reached skill level 4 in Unarmed Combat
   570 | D:1      | Reached XP level 3. HP: 18/19 MP: 4/4
  1144 | D:2      | Found a snail-covered altar of Cheibriados.
  1384 | D:2      | Found a sacrificial altar of Ru.
  1776 | D:2      | Found a sparkling altar of Nemelex Xobeh.
  1969 | D:3      | Gained mutation: Your natural rate of healing is unusually fast. [Vine Stalker growth]
  1969 | D:3      | Reached XP level 4. HP: 17/23 MP: 5/5
  2166 | D:3      | Reached skill level 5 in Unarmed Combat
  2446 | D:3      | Noticed diana's ghost (amateur HOBe)
  2482 | D:4      | Found a shattered altar of Ashenzari.
  2620 | D:4      | Found a staircase to the Ecumenical Temple.
  2625 | Temple   | Entered the Ecumenical Temple
  2659 | Temple   | Became a worshipper of Uskayaw the Reveler
  2659 | Temple   | Reached * piety under Uskayaw
  2735 | D:4      | Found a stormy altar of Qazlal.
  2736 | D:4      | Noticed a water elemental
  2737 | D:4      | Noticed a fire elemental
  2742 | D:4      | Noticed an air elemental
  2745 | D:4      | Noticed an earth elemental
  2810 | D:4      | Reached XP level 5. HP: 27/27 MP: 6/6
  2810 | D:4      | Reached ** piety under Uskayaw
  2883 | D:4      | Found an ancient bone altar of Kikubaaqudgha.
  3055 | D:4      | Reached skill level 6 in Unarmed Combat
  3064 | D:4      | Reached *** piety under Uskayaw
  3069 | D:4      | Reached **** piety under Uskayaw
  3071 | D:4      | Reached XP level 6. HP: 16/32 MP: 4/7
  3072 | D:4      | Reached ***** piety under Uskayaw
  3172 | D:4      | Found a hazy altar of Hepliaklqana.
  3336 | D:5      | Entered Level 5 of the Dungeon
  3348 | D:5      | Killed from afar by an orc priest

Skill      XL: |  1  2  3  4  5 |
---------------+----------------+-----
Unarmed Combat | 4 5 6 |  6.8
Fighting       | |  2.6
Dodging        | |  2.4
Stealth        | |  2.4

Action                   |  1- 3 |  4- 6 || total
-------------------------+-------+-------++-------
Melee: Unarmed           |   117 |   116 ||   233
       Bite              |    31 |    29 ||    60
       Punch             |     3 |     6 ||     9
  Use: Scroll            |     2 |     3 ||     5
       Potion            |       |     2 ||     2
 Stab: Sleeping          |     7 |     4 ||    11
       Paralysed         |       |     2 ||     2
  Eat: Chunk             |     3 |     4 ||     7
Armor: Robe              |    27 |    21 ||    48
Dodge: Dodged            |    87 |    67 ||   154
